 Dungeon Crawl Stone Soup version 0.28.0-53-g5a82cb258f (webtiles) character file.

Game seed: 418690566396392925

9 Stoinky the Skirmisher (level 2, -4/27 HPs)
             Began as a Minotaur Abyssal Knight on Aug 22, 2022.
             Was a Follower of Lugonu.
             Frozen to death by an endoplasm (5 damage)
             ... on level 1 of the Dungeon.
             The game lasted 00:01:28 (667 turns).

Stoinky the Skirmisher (Minotaur Abyssal Knight)     Turns: 667, Time: 00:01:29

Health: -4/27      AC:  0    Str: 17    XL:     2   Next: 6%
Magic:  2/2        EV: 11    Int:  7    God:    Lugonu [*.....]
Gold:   4          SH:  0    Dex: 10    Spells: 1/1 levels left

rFire   . . .      SeeInvis .   (no weapon)
rCold   . . .      Faith    .   (no shield)
rNeg    . . .      Spirit   .   (no armour)
rPois   .          Reflect  .   (helmet restricted)
rElec   .          Harm     .   (no cloak)
rCorr   .          Rampage  .   (no gloves)
Will    .....                   (no boots)
Stlth   +.........              (no amulet)
HPRegen 0.09/turn               (no ring)
MPRegen 0.08/turn               (no ring)

@: no status effects
A: horns 2, retaliatory headbutt
a: Renounce Religion, Depart the Abyss


You were on level 1 of the Dungeon.
You worshipped Lugonu.
Lugonu was aware of your devotion.
You visited 1 branch of the dungeon, and saw 1 of its levels.
You visited the Abyss 1 time.

You collected 4 gold pieces.

Inventory:

Armour
 b - a +0 leather armour
 d - a +2 ring mail of poison resistance
Potions
 c - a potion of degeneration {unknown}


   Skills:
 + Level 4.0 Fighting
 + Level 2.7 Polearms
 + Level 2.6 Armour
 + Level 1.2 Dodging
 + Level 1.7 Invocations


You had one spell level left.
You didn't know any spells.
Your spell library was empty.

Dungeon Overview and Level Annotations

Branches:
Dungeon (1/15)

Altars:


Innate Abilities, Weirdness & Mutations

You have a pair of horns on your head.
You reflexively headbutt those who attack you in melee.


Message History

The endoplasm hits you but does no damage.
Keep disrobing? [Y]es or [N]o only, please.
Keep disrobing?
The frilled lizard bites you but does no damage.
You start removing your armour.
You continue taking off your +2 ring mail of poison resistance.
The endoplasm freezes you.
You are frozen.
The frilled lizard bites you.
You continue taking off your +2 ring mail of poison resistance.
The endoplasm freezes you.
You are frozen.
The frilled lizard closely misses you. You furiously retaliate!
You headbutt the frilled lizard.
You kill the frilled lizard!
Lugonu accepts your kill.
You continue taking off your +2 ring mail of poison resistance.
The endoplasm freezes you.
You are frozen.
You continue taking off your +2 ring mail of poison resistance.
The endoplasm freezes you.
You are frozen.
You finish taking off your +2 ring mail of poison resistance.
You no longer feel resistant to poison.
You are now empty-handed.
You drop a +1 spear.
The endoplasm hits you. The endoplasm barely misses you.
The endoplasm hits you. The endoplasm closely misses you.
The endoplasm freezes you.
You are frozen.
* * * LOW HITPOINT WARNING * * *
The endoplasm closely misses you. The endoplasm freezes you.
You are frozen.
* * * LOW HITPOINT WARNING * * *
The endoplasm freezes you.
You are frozen.
* * * LOW HITPOINT WARNING * * *
The endoplasm freezes you.
You are frozen.
You die...

#.# #.# #.# #.# #.#
#.################..
#...................
###########.#####.#.
#....@....#
#....J....#
#......)..#
#######.### ...
..... .......
.........
.........)#


You could see an endoplasm.

Vanquished Creatures
  2 giant cockroaches (D:1)
  A goblin (D:1)
  A hobgoblin (D:1)
  A ball python (D:1)
  A bat (D:1)
  2 frilled lizards (D:1)
  A kobold (D:1)
  A rat (D:1)
10 creatures vanquished.

Notes
Turn   | Place    | Note
-------+----------+-------------------------------------------
     0 | Abyss:1  | Stoinky the Minotaur Abyssal Knight began the quest for the
                  | Orb.
     0 | Abyss:1  | Reached XP level 1. HP: 19/19 MP: 1/1
    17 | Abyss:1  | Noticed a small abomination
    18 | D:1      | Escaped the Abyss
   426 | D:1      | Reached * piety under Lugonu
   615 | D:1      | Reached skill level 4 in Fighting
   649 | D:1      | Reached XP level 2. HP: 27/27 MP: 2/2
   666 | D:1      | HP: 1/27 [frozen (2)]
   667 | D:1      | Frozen to death by an endoplasm

Illustrated notes

Levels and vault maps discovered:
D:1:      dpeg_arrival_rooms_a, layout_basic, minmay_quantized

Skill      XL: |  1 |
---------------+----+-----
Fighting       | 4 |  4.0
Polearms       | |  2.7
Armour         | |  2.6
Dodging        | |  1.2
Invocations    | |  1.7

Action                   || total
-------------------------++-------
Melee: Spear             ||    11
       Headbutt          ||     2
Invok: Depart the Abyss  ||     1
Armor: Ring mail         ||    24
Dodge: Dodged            ||    36
